 Dungeon Crawl Stone Soup version 0.21.1-1-g345015fe64 (webtiles) character file.

6395 KleinerIrrer the Cleaver (level 10, 0/66 HPs)
             Began as a Gargoyle Fighter on Apr 4, 2018.
             Was a Priest of Okawaru.
             Killed by mirror damage (4 damage)
             ... on level 2 of the Abyss.
             The game lasted 00:02:39 (9141 turns).

KleinerIrrer the Cleaver (Gargoyle Fighter)         Turns: 9141, Time: 00:02:39

Health: 0/66       AC: 27    Str: 24    XL:     10   Next: 98%
Magic:  12/13      EV: 15    Int:  8    God:    Okawaru [***...]
Gold:   520        SH:  0    Dex: 14    Spells: 9/9 levels left

rFire    + . .     SeeInvis .   Y - +3 battleaxe
rCold    . . .     Gourm    .   (shield currently unavailable)
rNeg     + . .     Faith    .   i - +0 chain mail
rPois    ∞         Spirit   .   (no helmet)
rElec    +         Reflect  .   u - +1 cloak
rCorr    .         Harm     .   l - +2 pair of gloves
MR       .....                  n - +0 pair of boots of the Morning Star {Dex+5}
Stlth    ..........             (no amulet)
HPRegen  0.21/turn              r - ring of protection from fire
MPRegen  0.13/turn              t - +3 ring of evasion

@: about to teleport, heroism
A: negative energy resistance 1, electricity resistance, unbreathing,
petrification resistance, rot immunity, AC +7
a: Heroism, Renounce Religion


You were on level 2 of the Abyss.
You worshipped Okawaru.
Okawaru was most pleased with you.
You were not hungry.

You visited 2 branches of the dungeon, and saw 10 of its levels.
You visited the Abyss 1 time.
You also visited: Ossuary.

You collected 732 gold pieces.
You spent 212 gold pieces at shops.


Innate Abilities, Weirdness & Mutations

You are resistant to torment.
Your stone body is resilient. (AC +7)
You are immune to poison.
You resist negative energy. (rN+)
You are resistant to electric shocks. (rElec)
You can survive without breathing.
You are immune to petrification.
You are immune to rotting.


   Skills:
 - Level 9.0(14.0) Fighting
 - Level 11.0(16.0) Axes
 - Level 7.7(12.7) Armour
 + Level 2.3(7.3) Dodging
   Level 3.2(8.2) Shields
 - Level 4.0 Invocations


You had 9 spell levels left.
You didn't know any spells.

Inventory:

Hand Weapons
 c - a +0 flail
 o - a +0 dire flail
 s - a +0 broad axe
 Y - a +3 battleaxe (weapon)
Missiles
 q - 8 tomahawks (quivered)
 y - 8 silver javelins
Armour
 i - a +0 chain mail (worn)
 l - a +2 pair of gloves (worn)
 n - the +0 pair of boots of the Morning Star (worn) {Dex+5}
   (You found it on level 7 of the Dungeon)

   It affects your dexterity (+5).
 u - a +1 cloak (worn)
Jewellery
 r - a ring of protection from fire (left hand)
 t - a +3 ring of evasion (right hand)
 v - an uncursed ring of see invisible {unknown}
 z - an uncursed ring of protection from fire
Wands
 m - a wand of digging (11)
Scrolls
 a - 7 scrolls of remove curse
 k - 6 scrolls of identify
 p - 4 scrolls of teleportation
 x - a scroll of random uselessness {unknown}
Potions
 b - 2 potions of mutation
 d - 3 potions of might
 f - 8 potions of curing
 g - 2 potions of cancellation
 h - 2 potions of haste
 w - a potion of ambrosia {unknown}
 A - a potion of flight {unknown}
Comestibles
 e - 20 rations
 j - 6 chunks of flesh

Dungeon Overview and Level Annotations

Branches:
Dungeon (9/15)             Temple (1/1) D:5
   Lair: D:8-11         Orc: D:9-12

Altars:
Ashenzari
Cheibriados
Dithmenos
Elyvilon
Fedhas
Gozag
Hepliaklqana
Makhleb
Nemelex Xobeh
Okawaru
Qazlal
Ru
Sif Muna
Trog
Uskayaw
Vehumet
Wu Jian
Xom
Yredelemnul
Zin
The Shining One

Shops:
D:4 (*   D:5 [

Annotations:
D:5 1 runed door
D:9 Erolcha


Message History

You slash the skeletal warrior! You barely miss the wraith.
You slice the phantasmal warrior!! The phantasmal warrior hits you!
The wraith misses you.
The skeletal warrior hits you with a short sword!
The death knight hits you but does no damage.
9140 ||| READING 5 scrolls of teleportation.
As you read the scroll of teleportation, it crumbles to dust.
You feel strangely unstable.
You feel the power of the Abyss delaying your translocation!
The phantasmal warrior hits you but does no damage.
The wraith hits you but does no damage.
The skeletal warrior hits you but does no damage.
The death knight offers itself to Yredelemnul, and fills with unholy energy.
You closely miss the phantasmal warrior.
The phantasmal warrior is almost destroyed.
You slash the wraith!
You hit the skeletal warrior but do no damage.
You slash the death knight!
The death knight reflects your damage back at you!
You die...

.#............
.............
...........%
#..........#
...........#
.#.........# #
......pz...###. ..
#.....W@..!..... .
......W...........
...#.######(.##...
.#.# ..# #. ..# #
.. . # ..# x..


You could see a death knight, a skeletal warrior, a phantasmal warrior and a
wraith.

Vanquished Creatures
  3 two-headed ogres
  A wizard (D:9)
  Pikel (D:4)
  A wyvern (D:9)
  2 water moccasins
  4 slaves (D:4)
  A necrophage (D:5)
  A phantom (D:4)
  A black bear (D:8)
  A sky beast (D:6)
  4 ogres
  2 centaurs
  2 big kobolds (D:9)
  Blork the orc (D:5)
  7 bullfrogs
  3 scorpions
  3 killer bees (D:8)
  2 howler monkeys (D:6)
  A centaur zombie (D:7)
  3 crimson imps
  3 orc priests
  2 bullfrog skeletons
  2 hounds
  A gnoll shaman (D:4)
  2 jellies
  6 orc wizards
  2 iguanas
  10 worker ants
  3 big kobold zombies (Ossuary)
  A hound zombie (D:7)
  A mummy (Ossuary)
  2 worker ant zombies
  2 howler monkey zombies
  7 gnolls
  13 adders
  2 shadow imps (D:9)
  An ooze (D:7)
  An adder zombie (D:7)
  2 worms (D:3)
  2 dart slugs
  2 leopard geckos (D:3)
  29 orcs
  6 spectral bats (Ossuary)
  4 bats
  2 giant cockroaches
  11 gnoll zombies
  6 goblins
  6 hobgoblins
  2 jackals (D:1)
  8 kobolds
  5 quokkas
  A ball python (D:2)
  4 bat simulacra (Ossuary)
  9 frilled lizards
  3 goblin simulacra (Ossuary)
  5 goblin zombies (Ossuary)
  2 hobgoblin zombies (Ossuary)
  6 kobold zombies (Ossuary)
  2 leopard gecko skeletons (D:4)
  A leopard gecko zombie (D:6)
  4 orc zombies (Ossuary)
  A quokka skeleton (D:4)
  5 rats
  4 rat simulacra (Ossuary)
  4 spectral rats (Ossuary)
241 creatures vanquished.

Vanquished Creatures (others)
  A goblin zombie (Ossuary)
1 creature vanquished.

Grand Total: 242 creatures vanquished

Notes
Turn   | Place    | Note
-------+----------+-------------------------------------------
     0 | D:1      | KleinerIrrer the Gargoyle Fighter began the quest for the Orb.
     0 | D:1      | Reached XP level 1. HP: 14/14 MP: 1/1
     0 | D:1      | 0 ||| counter = 46
   167 | D:1      | Reached skill level 2 in Axes
   328 | D:1      | Reached XP level 2. HP: 17/19 MP: 2/2
   887 | D:1      | 887 ||| UPGRADING to pair of boots.
   892 | D:1      | 892 ||| READING scroll labeled RYFIES PEPIPA.
   896 | D:1      | 896 ||| READING 2 scrolls labeled ITUCA VAIKH.
   897 | D:1      | 897 ||| READING scroll labeled VUTRAQ NIKA.
   898 | D:1      | 898 ||| READING scroll labeled DIK YRI ILUDD.
   899 | D:1      | 899 ||| DRINKING 2 cyan potions.
   917 | D:2      | 917 ||| UPGRADING to club.
   918 | D:2      | 918 ||| SWAPPING to +1 war axe.
   947 | D:2      | Reached skill level 3 in Axes
   947 | D:2      | Reached XP level 3. HP: 23/23 MP: 3/3
  1232 | D:2      | 1232 ||| READING scroll of enchant weapon.
  1232 | D:2      | 1232 ||| ENCHANTING +1 war axe.
  1256 | D:2      | Reached XP level 4. HP: 26/28 MP: 4/4
  1438 | D:2      | 1438 ||| UPGRADING to pair of embroidered gloves.
  1443 | D:2      | 1443 ||| READING 5 scrolls of identify.
  1443 | D:2      | 1443 ||| IDENTIFYING lumpy coppery potion
  1444 | D:2      | 1444 ||| READING 4 scrolls of identify.
  1444 | D:2      | 1444 ||| IDENTIFYING fizzy purple potion
  1445 | D:2      | 1445 ||| READING 3 scrolls of identify.
  1445 | D:2      | 1445 ||| IDENTIFYING brown potion
  1446 | D:2      | 1446 ||| DROPPING potion of lignification.
  1579 | D:3      | Reached skill level 4 in Axes
  1682 | D:3      | Found a hazy altar of Hepliaklqana.
  1783 | D:3      | Reached XP level 5. HP: 17/32 MP: 5/5
  1798 | D:3      | 1798 ||| STAIRDANCE
  1928 | D:2      | 1928 ||| READING scroll labeled KIAKHL ORAKK.
  1929 | D:2      | 1929 ||| READING 2 scrolls of identify.
  1929 | D:2      | 1929 ||| IDENTIFYING fuming inky potion
  1930 | D:2      | 1930 ||| DROPPING potion of berserk rage.
  1982 | D:3      | Reached skill level 5 in Axes
  2097 | D:3      | Found a faded altar of an unknown god.
  2787 | D:3      | Reached XP level 6. HP: 34/38 MP: 6/6
  2962 | D:3      | Reached skill level 1 in Dodging
  3066 | D:3      | 3066 ||| UPGRADING to chain mail.
  3076 | D:3      | 3076 ||| DROPPING +0 scale mail.
  3077 | D:3      | 3077 ||| UPGRADING to runed onyx ring.
  3078 | D:3      | 3078 ||| READING 6 scrolls of remove curse.
  3079 | D:3      | 3079 ||| REMOVING -2 ring of protection.
  3080 | D:3      | 3080 ||| DROPPING -2 ring of protection.
  3081 | D:3      | 3081 ||| UPGRADING to bronze ring.
  3082 | D:3      | 3082 ||| READING 5 scrolls of remove curse.
  3083 | D:3      | 3083 ||| REMOVING ring of loudness.
  3084 | D:3      | 3084 ||| DROPPING ring of loudness.
  3093 | D:4      | Found Ozaxiduh's Weapon Shop.
  3095 | D:4      | 3095 ||| STAIRDANCE
  3108 | D:4      | 3108 ||| STAIRDANCE
  3154 | D:4      | Bought a +0 battleaxe for 78 gold pieces
  3195 | D:4      | Found Wuepryxu's Assorted Antiques.
  3202 | D:4      | 3202 ||| STAIRDANCE
  3345 | D:3      | 3345 ||| REMOVING +0 shield.
  3350 | D:3      | 3350 ||| SWAPPING to +0 battleaxe.
  3351 | D:3      | 3351 ||| DROPPING +0 shield.
  3370 | D:4      | 3370 ||| UPGRADING to flail.
  3371 | D:4      | 3371 ||| SWAPPING to +0 battleaxe.
  3372 | D:4      | 3372 ||| DROPPING +0 club.
  3376 | D:4      | 3376 ||| SHOPLISTING great mace (182 gold, have 136).
  3376 | D:4      | Bought an inky potion for 25 gold pieces
  3376 | D:4      | Bought a scroll labeled FUMEEGA YGIRAI for 28 gold pieces
  3376 | D:4      | 3376 ||| SHOPLISTING sharpened brass wand (112 gold, have 83).
  3376 | D:4      | Bought a scroll labeled NOKLEDOETT for 28 gold pieces
  3376 | D:4      | Bought a sapphire potion for 25 gold pieces
  3376 | D:4      | 3376 ||| SHOPLISTING scroll of identify (56 gold, have 30).
  3376 | D:4      | Bought a scroll labeled ZAURIS REJIMA for 28 gold pieces
  3376 | D:4      | 3376 ||| SHOPLISTING glowing pink potion (25 gold, have 2).
  3386 | D:4      | Reached skill level 6 in Axes
  3398 | D:4      | 3398 ||| STAIRDANCE
  3457 | D:3      | 3457 ||| READING scroll labeled FUMEEGA YGIRAI.
  3458 | D:3      | 3458 ||| READING scroll labeled NOKLEDOETT.
  3459 | D:3      | 3459 ||| READING scroll labeled ZAURIS REJIMA.
  3460 | D:3      | 3460 ||| READING 4 scrolls of identify.
  3460 | D:3      | 3460 ||| IDENTIFYING inky potion
  3461 | D:3      | 3461 ||| READING 3 scrolls of identify.
  3461 | D:3      | 3461 ||| IDENTIFYING sapphire potion
  3462 | D:3      | 3462 ||| DROPPING potion of agility.
  3469 | D:4      | Noticed Pikel
  3469 | D:4      | Noticed a slave
  3470 | D:4      | Noticed a slave
  3470 | D:4      | Noticed a slave
  3474 | D:4      | Noticed a slave
  3485 | D:4      | Killed a slave
  3490 | D:4      | Killed a slave
  3493 | D:4      | Killed a slave
  3495 | D:4      | Killed a slave
  3500 | D:4      | HP: 9/38 [Pikel/whip of freezing (5)]
  3501 | D:4      | 3501 ||| DRINKING potion of heal wounds.
  3515 | D:4      | Killed Pikel
  3515 | D:4      | Reached skill level 7 in Axes
  3515 | D:4      | Reached XP level 7. HP: 22/43 MP: 7/7
  3515 | D:4      | Reached XP level 8. HP: 25/48 MP: 8/8
  3716 | D:4      | 3716 ||| READING scroll of enchant weapon.
  3716 | D:4      | 3716 ||| ENCHANTING +0 battleaxe.
  3869 | D:4      | Found a deep blue altar of Sif Muna.
  3879 | D:4      | Found a blossoming altar of Fedhas.
  3879 | D:4      | Found a stormy altar of Qazlal.
  3879 | D:4      | Found an iron altar of Okawaru.
  3882 | D:4      | Found a radiant altar of Vehumet.
  3883 | D:4      | Found an ornate altar of the Wu Jian Council.
  3887 | D:4      | Became a worshipper of Warmaster Okawaru
  3946 | D:4      | 3946 ||| STAIRDANCE
  3987 | D:3      | 3987 ||| READING 4 scrolls of identify.
  3987 | D:3      | 3987 ||| IDENTIFYING viscous brown potion
  4132 | D:4      | Reached skill level 8 in Axes
  4247 | D:5      | Entered Level 5 of the Dungeon
  4331 | D:5      | Found a staircase to the Ecumenical Temple.
  4340 | Temple   | Entered the Ecumenical Temple
  4341 | Temple   | 4341 ||| Entered T.
  4560 | D:5      | Noticed Blork the orc
  4573 | D:5      | Killed Blork the orc
  4587 | D:5      | Reached skill level 6 in Fighting
  4623 | D:5      | 4623 ||| DROPPING +2 war axe.
  4624 | D:5      | 4624 ||| UPGRADING to broad axe.
  4625 | D:5      | 4625 ||| SWAPPING to +1 battleaxe.
  4626 | D:5      | 4626 ||| READING scroll of enchant weapon.
  4626 | D:5      | 4626 ||| ENCHANTING +1 battleaxe.
  4653 | D:5      | Reached * piety under Okawaru
  4684 | D:5      | Found Idwori Pown's Armour Boutique.
  4688 | D:5      | 4688 ||| SHOPLISTING +2 helmet of see invisible (258 gold, have 176).
  4688 | D:5      | 4688 ||| SHOPLISTING +2 chain mail of fire resistance (258 gold, have 176).
  4688 | D:5      | 4688 ||| SHOPLISTING +0 ice dragon scales (720 gold, have 176).
  4718 | D:5      | Found a hazy altar of Hepliaklqana.
  4789 | D:5      | 4789 ||| INVOKING Heroism.
  4790 | D:5      | Reached skill level 1 in Invocations
  4917 | D:5      | 4917 ||| READING scroll of enchant armour.
  4917 | D:5      | 4917 ||| ENCHANTING +1 pair of gloves.
  5109 | D:5      | Found a runed door.
  5170 | D:5      | 5170 ||| READING 4 scrolls of identify.
  5170 | D:5      | 5170 ||| IDENTIFYING fuming grey potion
  5171 | D:5      | 5171 ||| DROPPING potion of invisibility.
  5452 | D:6      | 5452 ||| INVOKING Heroism.
  5453 | D:6      | 5453 ||| INVOKING Heroism.
  5457 | D:6      | Reached XP level 9. HP: 55/55 MP: 7/11
  5461 | D:6      | Reached skill level 3 in Invocations
  5517 | D:6      | Reached skill level 9 in Axes
  5643 | D:6      | Found a sand-covered staircase.
  5644 | D:6      | 5644 ||| Found Ossuary.
  5652 | Ossuary  | Entered an ossuary
  5653 | Ossuary  | 5653 ||| Entered Ossuary.
  5746 | Ossuary  | 5746 ||| INVOKING Heroism.
  5765 | Ossuary  | 5765 ||| INVOKING Heroism.
  5819 | Ossuary  | 5819 ||| INVOKING Heroism.
  5956 | Ossuary  | 5956 ||| INVOKING Heroism.
  5972 | Ossuary  | 5972 ||| INVOKING Heroism.
  5989 | Ossuary  | 5989 ||| EATING 11 rations.
  6127 | Ossuary  | 6127 ||| UPGRADING to shiny golden ring.
  6128 | Ossuary  | 6128 ||| REMOVING ring of flight.
  6129 | Ossuary  | 6129 ||| DROPPING ring of flight.
  6130 | Ossuary  | 6130 ||| READING 5 scrolls labeled XEAREU YMOGITS.
  6131 | Ossuary  | 6131 ||| READING scroll labeled CORAPP IVICK.
  6132 | Ossuary  | 6132 ||| READING scroll labeled XEFROS FIQIHI.
  6133 | Ossuary  | 6133 ||| READING scroll labeled WYOSEM UNWAONG.
  6134 | Ossuary  | 6134 ||| READING 7 scrolls of identify.
  6134 | Ossuary  | 6134 ||| IDENTIFYING glowing pink potion
  6135 | Ossuary  | 6135 ||| DROPPING 4 scrolls of fear.
  6136 | Ossuary  | 6136 ||| DROPPING potion of magic.
  6709 | D:6      | 6709 ||| DROPPING wand of flame (21).
  6755 | D:7      | Got a pair of ichor-stained boots
  6826 | D:7      | 6826 ||| STAIRDANCE
  6869 | D:6      | 6869 ||| UPGRADING to pair of ichor-stained boots.
  6879 | D:6      | Identified the +0 pair of boots of the Morning Star {Dex+5} (You found it on level 7 of the Dungeon)
  6879 | D:6      | 6879 ||| DROPPING +0 pair of boots.
  7037 | D:7      | 7037 ||| INVOKING Heroism.
  7200 | D:7      | 7200 ||| INVOKING Heroism.
  7473 | D:7      | Found a basalt altar of Yredelemnul.
  7511 | D:7      | 7511 ||| UPGRADING to cloak.
  7516 | D:7      | 7516 ||| UPGRADING to bone ring.
  7517 | D:7      | 7517 ||| UPGRADING to scratched ruby ring.
  7561 | D:8      | Reached ** piety under Okawaru
  7621 | D:8      | Noticed a two-headed ogre
  7622 | D:8      | 7622 ||| INVOKING Heroism.
  7629 | D:8      | Killed a two-headed ogre
  7629 | D:8      | Reached XP level 10. HP: 63/63 MP: 10/13
  7645 | D:8      | 7645 ||| UPGRADING to dire flail.
  7646 | D:8      | 7646 ||| SWAPPING to +2 battleaxe.
  7733 | D:8      | 7733 ||| INVOKING Heroism.
  7825 | D:8      | 7825 ||| READING scroll of enchant armour.
  7825 | D:8      | 7825 ||| ENCHANTING +0 cloak.
  8045 | D:8      | Found a stormy altar of Qazlal.
  8173 | D:8      | 8173 ||| READING scroll labeled WAAPRY TEANU.
  8174 | D:8      | 8174 ||| READING scroll labeled EWNUSO XENURPH.
  8209 | D:9      | 8209 ||| STAIRDANCE
  8224 | D:9      | 8224 ||| STAIRDANCE
  8236 | D:9      | Noticed a two-headed ogre
  8237 | D:9      | 8237 ||| STAIRDANCE
  8312 | D:9      | 8312 ||| STAIRDANCE
  8332 | D:8      | 8332 ||| STAIRDANCE
  8356 | D:7      | 8356 ||| INVOKING Heroism.
  8360 | D:7      | HP: 4/63 [two-headed ogre/giant club (16)]
  8361 | D:7      | 8361 ||| READING 6 scrolls of teleportation.
  8362 | D:7      | 8362 ||| DRINKING potion of heal wounds.
  8364 | D:7      | Killed a two-headed ogre
  8364 | D:7      | Reached skill level 10 in Axes
  8365 | D:7      | 8365 ||| STAIRDANCE
  8697 | D:9      | 8697 ||| INVOKING Heroism.
  8717 | D:9      | Noticed a two-headed ogre
  8720 | D:9      | 8720 ||| INVOKING Heroism.
  8728 | D:9      | Killed a two-headed ogre
  8728 | D:9      | Reached *** piety under Okawaru
  8728 | D:9      | Reached skill level 9 in Fighting
  8788 | D:9      | 8788 ||| INVOKING Heroism.
  8830 | D:9      | 8830 ||| READING scroll of enchant weapon.
  8830 | D:9      | 8830 ||| ENCHANTING +2 battleaxe.
  8952 | D:9      | Noticed a wizard
  8953 | D:9      | 8953 ||| INVOKING Heroism.
  8962 | D:9      | Killed a wizard
  8964 | D:9      | Reached skill level 11 in Axes
  8981 | D:9      | Received a gift from Okawaru
  9060 | D:9      | Noticed Erolcha
  9064 | D:9      | Cast into level 2 of the Abyss (Erolcha)
  9132 | Abyss:2  | Noticed a death knight
  9132 | Abyss:2  | Noticed a skeletal warrior
  9132 | Abyss:2  | Noticed a phantasmal warrior
  9132 | Abyss:2  | 9132 ||| INVOKING Heroism.
  9139 | Abyss:2  | HP: 15/66 [phantasmal warrior[a death knight] (15)]
  9139 | Abyss:2  | HP: 4/66 [skeletal warrior/short sword[a death knight] (11)]
  9140 | Abyss:2  | 9140 ||| READING 5 scrolls of teleportation.
  9141 | Abyss:2  | Killed by mirror damage

Vault maps used:
D:1:      lordsloth_arrival_two_stooges
D:3:      old_standard_altar, chequers_ecumenical_altar_island,
          minmay_misc_feat_iff, minivault_25
D:4:      minitemple, serial_shops, shop, shop, uniq_pikel
D:5:      minmay_temple_entry_purple_smoke, serial_shops, shop, first_ration,
          basic_altar, uniq_blork_the_orc, uniq_crazy_yiuf_cottage
D:6:      nicolae_ossuary_entry_ruins, water_boxes_lemuel
D:7:      lemuel_zombie_altar_yredelemnul, kennysheep_nondescript,
          grunt_ogre_cave
D:8:      grunt_qazlal_sundering
D:9:      cheibrodos_barr_body, lemuel_mausoleum_altar_kikubaaqudgha,
          dk_noncrumbling_4, minmay_misc_feat_columns, glass_columns_b,
          uniq_erolcha, uniq_gastronok
Temple:   nicolae_temple_figure_eight
Ossuary:  ossuary_zaba_two_paths

Skill      XL: |  1  2  3  4  5  6  7  8  9 10 |
---------------+-------------------------------+-----
Axes           | 2 3 4 5 7 8 9 11 | 11.0
Fighting       | 4 6 7 9 |  9.0
Dodging        | 1 2 |  2.3
Armour         | 4 7 |  7.7
Invocations    | 2 4 |  4.0
Shields        | |  3.2

Action                   |  1- 3 |  4- 6 |  7- 9 | 10-12 || total
-------------------------+-------+-------+-------+-------++-------
Melee: War axe           |    82 |   152 |       |       ||   234
       Battleaxe         |       |    52 |   305 |   133 ||   490
Throw: Tomahawk          |     6 |    11 |    46 |    19 ||    82
       Javelin           |     9 |    23 |    31 |       ||    63
Invok: Heroism           |       |       |    10 |     7 ||    17
  Use: Scroll            |     5 |    12 |    10 |     6 ||    33
       Potion            |     1 |     1 |       |     1 ||     3
  Eat: Chunk             |     1 |     8 |    10 |     5 ||    24
       Ration            |       |       |     1 |       ||     1
Armor: Scale mail        |    53 |    73 |       |       ||   126
       Chain mail        |       |    68 |   201 |    89 ||   358
Dodge: Dodged            |    25 |    62 |   138 |   117 ||   342
Block: Shield            |    33 |    65 |       |       ||    98

Table legend:
 A = Spawn XP
 B = Non-spawn XP
 C = Spawn XP percentage of total XP
 D = Spawn monster count
 E = Non-spawn monster count
 F = Spawn count percentage of total count
 G = Total turns spent on level
                    A         B        C        D         E        F      G
               +---------+---------+-------+---------+---------+-------+---------
         Total |       0 |    9137 |   0.0 |       0 |     236 |   0.0 |  9141
               +---------+---------+-------+---------+---------+-------+---------
           D:1 |       0 |      25 |   0.0 |       0 |      12 |   0.0 |   906
           D:2 |       0 |      65 |   0.0 |       0 |      14 |   0.0 |   698
           D:3 |       0 |     236 |   0.0 |       0 |      36 |   0.0 |  1783
           D:4 |       0 |    1265 |   0.0 |       0 |      22 |   0.0 |   860
           D:5 |       0 |     520 |   0.0 |       0 |      10 |   0.0 |   748
           D:6 |       0 |     653 |   0.0 |       0 |      14 |   0.0 |  1079
           D:7 |       0 |    1730 |   0.0 |       0 |      23 |   0.0 |   979
           D:8 |       0 |    1592 |   0.0 |       0 |      24 |   0.0 |   805
           D:9 |       0 |    2893 |   0.0 |       0 |      31 |   0.0 |   485
       Ossuary |       0 |     158 |   0.0 |       0 |      50 |   0.0 |   527
               +---------+---------+-------+---------+---------+-------+---------
